[Event "Team 45 45 League T29"]
[Site "Internet Chess Club"]
[Date "2005.12.25"]
[Round "2"]
[White "tammany"]
[Black "Mikey29a"]
[Result "1-0"]
[WhiteElo "1561"]
[BlackElo "1628"]
[TimeControl "2700+45"]

1. e4 c5 2. c3 e6 3. d4 d5 4. e5 Qb6 5. a3 a5 6. Qg4 cxd4 7. cxd4 Nc6 8. Nf3
Nge7 9. Bd3 Ng6 10. h4 h5 11. Qg3 Nge7 12. Qf4 Nf5 13. Bxf5 exf5 14. Nc3 Be6 15.
O-O Be7 16. Rb1 O-O 17. Be3 f6 18. Qg3 Qc7 19. Nb5 Qd7 20. Rfc1 fxe5 21. dxe5
Nxe5 22. Rc7 Nxf3+ 23. Qxf3 Qxb5 24. Rxe7 Rae8 25. Rxe8 Qxe8 26. Rc1 Qf7 27. Bd4
Rc8 28. Rxc8+ Bxc8 29. Qc3 Be6 30. Qxa5 Qg6 31. Qa8+ Kh7 32. Qxb7 f4 33. Qb3 Qe4
34. Qc3 Qb1+ 35. Kh2 Qg6 36. a4 Qg4 37. a5 Qxh4+ 38. Kg1 f3 39. Qxf3 Qxd4 40.
Qxh5+ Kg8 41. Qe8+ Kh7 42. Qxe6 Qd1+ 43. Kh2 Qh5+ 44. Qh3 {Black resigns} 1-0 
aics%

[Event "Team 45 45 League T29"]
[Site "Internet Chess Club"]
[Date "2005.12.29"]
[Round "2"]
[White "Invicta-Knight"]
[Black "dougmo"]
[Result "1/2-1/2"]
[WhiteElo "1458"]
[BlackElo "1508"]
[TimeControl "2700+45"]

1. e4 e6 2. d4 d5 3. e5 c5 4. c3 Qb6 5. a3 Nc6 6. Nf3 Bd7 7. Be2 cxd4 8. cxd4
Nge7 9. b4 Nf5 10. Bb2 Be7 11. O-O Rc8 12. g4 Nh4 13. Nbd2 Ng6 14. Qb3 Nf4 15.
Bd3 Nxd3 16. Qxd3 Nxb4 17. axb4 Bb5 18. Qb3 Bxf1 19. Kxf1 O-O 20. Rb1 a6 21. Kg2
Rc6 22. Ne1 Bxb4 23. Ba3 Bxd2 24. Qxb6 Rxb6 25. Rxb6 Bxe1 26. Bxf8 Kxf8 27. Kf3
a5 28. Rxb7 g5 29. Rb1 Bb4 30. Rc1 Kg7 31. Rc7 a4 32. Ra7 a3 33. Ke3 Kg6 34. h3
h6 35. Kd3 f6 36. Ra6 Kf7 37. Kc2 fxe5 38. dxe5 Bc5 39. f3 Bb4 40. Ra7+ Be7 41.
Kb3 Ke8 42. Ra8+ Kf7 43. Ra4 Ke8 44. f4 Kf7 45. f5 Bc5 46. f6 Bf8 47. Rxa3 Bxa3
48. Kxa3 Ke8 49. Kb4 Kd7 50. Kc5 Ke8 51. Kd4 {Game drawn by mutual agreement}
1/2-1/2  aics%

[Event "Team 45 45 League T29"]
[Site "Internet Chess Club"]
[Date "2005.12.26"]
[Round "2"]
[White "Two-DogMan"]
[Black "boozehound"]
[Result "1/2-1/2"]
[WhiteElo "1516"]
[BlackElo "1486"]
[TimeControl "2700+45"]

1. e4 d5 2. exd5 Qxd5 3. Nc3 Qa5 4. Nf3 Nf6 5. d4 Bg4 6. Bd2 c6 7. h3 Bh5 8. Be2
Nbd7 9. O-O e6 10. a3 Be7 11. Ne4 Qc7 12. Nxf6+ gxf6 13. b4 Bd6 14. c4 Bf4 15.
a4 O-O 16. Nh4 Bg6 17. Qe1 Be4 18. g3 Bg5 19. Bxg5 fxg5 20. Nf3 h6 21. Nd2 Bg6
22. Bf3 Rae8 23. Qe2 e5 24. Be4 exd4 25. Qg4 f5 26. Bxf5 Bxf5 27. Qxd4 Bxh3 28.
Rfe1 c5 29. Qd5+ Kg7 30. bxc5 Qc6 31. Qd4+ Nf6 32. Nf3 g4 33. Nh4 Re6 34. Qd3
Ne4 35. Re2 Rfe8 36. Rae1 Nxc5 37. Qd4+ Kh7 38. Rxe6 Rxe6 39. Rxe6 Nxe6 40. Qf6
Qe4 41. Qe7+ Kh8 42. Qe8+ Kg7 43. Qe7+ {Game drawn by mutual agreement} 1/2-1/2 
aics%

[Event "Team 45 45 League T29"]
[Site "Internet Chess Club"]
[Date "2005.12.23"]
[Round "2"]
[White "catspawn"]
[Black "Avedldesierto"]
[Result "1-0"]
[WhiteElo "1620"]
[BlackElo "1730"]
[TimeControl "2700+45"]

1. e4 e5 2. Nf3 Nc6 3. Nc3 d6 4. Bb5 a6 5. Bxc6+ bxc6 6. O-O Bg4 7. d4 Qf6 8.
Be3 Bxf3 9. gxf3 Qg6+ 10. Kh1 f5 11. Rg1 Qe6 12. d5 cxd5 13. exd5 Qd7 14. Qe2 f4
15. Bd2 Nf6 16. Rae1 Be7 17. Rxg7 Nh5 18. Rg2 Kf7 19. Ne4 Rhg8 20. Rgg1 Qb5 21.
Rxg8 Rxg8 22. c4 Qxb2 23. Qd3 Qxa2 24. Nc3 Qa3 25. Bc1 Qc5 26. Ne4 Qa7 27. Ba3
Rg7 28. c5 dxc5 29. Bxc5 Bxc5 30. Nxc5 Qxc5 31. Qf5+ Kg8 32. Qxh5 Qd6 33. Rxe5
Qg6 34. Re8+ Kf7 35. Qxg6+ Rxg6 36. Rc8 Rd6 37. Rxc7+ Kg6 38. Rc6 {Black
resigns} 1-0  aics%

[Event "Team 45 45 League T29"]
[Site "Internet Chess Club"]
[Date "2005.12.27"]
[Round "2"]
[White "MoluscoGrotesco"]
[Black "Pawndemonium"]
[Result "1-0"]
[WhiteElo "1754"]
[BlackElo "1613"]
[TimeControl "2700+45"]

1. f4 c6 2. Nf3 d5 3. e3 Nf6 4. c3 h6 5. Be2 e6 6. a4 Bd6 7. d4 O-O 8. Ne5 Nbd7
9. O-O b6 10. Nxc6 Qc7 11. Ne5 Ne4 12. Nd2 Ndf6 13. Bf3 Ba6 14. Be2 Bxe2 15.
Qxe2 Rac8 16. Nxe4 Nxe4 17. Qg4 Bxe5 18. fxe5 Qe7 19. Qe2 f6 20. exf6 Rxf6 21.
Rxf6 Qxf6 22. Bd2 Rf8 23. Be1 Qg5 24. a5 b5 25. a6 Nf6 26. Bg3 h5 27. Rf1 h4 28.
Bf4 Qg6 29. Qxb5 Ne4 30. Qd3 Rb8 31. Bxb8 {Black resigns} 1-0  aics%

[Event "Team 45 45 League T29"]
[Site "Internet Chess Club"]
[Date "2005.12.26"]
[Round "2"]
[White "Bookkeeper"]
[Black "pumba"]
[Result "0-1"]
[WhiteElo "1424"]
[BlackElo "1545"]
[TimeControl "2700+45"]

1. e4 e6 2. d4 d5 3. e5 c5 4. c3 Nc6 5. Nf3 Bd7 6. Be3 Qb6 7. b3 Nh6 8. Be2 Nf5
9. O-O cxd4 10. cxd4 Rc8 11. Nc3 Ba3 12. Nb5 Be7 13. Rc1 a6 14. Nc3 Ba3 15. Rb1
Nb4 16. Na4 Qa7 17. Nc5 Bb5 18. Bxb5+ axb5 19. Nd3 Nxa2 20. b4 Nc3 21. Qb3 Nxb1
22. Rxb1 b6 23. Ra1 Ra8 24. Bc1 O-O 25. Rxa3 Qb7 26. Rxa8 Rxa8 27. Qc3 Rc8 28.
Qd2 Ne7 29. h3 Nc6 30. g4 Qe7 31. h4 h6 32. g5 hxg5 33. hxg5 g6 34. Qb2 Kg7 35.
Nh2 Rh8 36. Ng4 Rh4 37. Nf6 Qd8 38. f4 Qh8 39. Qc3 Rh1+ 40. Kf2 Qh2+ 41. Ke3
Qg3+ 42. Ke2 Rh2+ 43. Kd1 Qf3+ {White resigns} 0-1  aics%

[Event "Team 45 45 League T29"]
[Site "Internet Chess Club"]
[Date "2005.12.29"]
[Round "2"]
[White "Tomate"]
[Black "sifuhall"]
[Result "1-0"]
[WhiteElo "1429"]
[BlackElo "1373"]
[TimeControl "2700+45"]

1. e4 e5 2. Nf3 Nc6 3. Bb5 d6 4. O-O Nf6 5. d3 Be7 6. Bg5 O-O 7. Bxc6 bxc6 8.
Nbd2 Ba6 9. Re1 Ng4 10. Bxe7 Qxe7 11. h3 Nf6 12. Nf1 Nh5 13. N3h2 Qg5 14. Qf3
Bc8 15. Ne3 f5 16. Rf1 fxe4 17. Qxe4 d5 18. Nf3 Qf6 19. Qxe5 Qg6 20. Nh4 Qe6 21.
Qxh5 Qf6 22. Nf3 Be6 23. Ng5 h6 24. Nxe6 Qxe6 25. Rae1 Qf6 26. Ng4 Qf4 27. Ne5
Rf5 28. Qf3 Qg5 29. Qg4 Qf6 30. Nxc6 Rg5 31. Ne7+ Kh8 32. Nxd5 Qxb2 33. Qd7 Qd4
34. Re8+ Rxe8 35. Qxe8+ Kh7 36. Ne7 Qe5 37. Qg8# {Black checkmated} 1-0  aics%

[Event "Team 45 45 League T29"]
[Site "Internet Chess Club"]
[Date "2005.12.27"]
[Round "2"]
[White "jientho"]
[Black "chevalpnh"]
[Result "0-1"]
[WhiteElo "1391"]
[BlackElo "1407"]
[TimeControl "2700+45"]

1. e4 c6 2. d4 d5 3. e5 Bf5 4. Nf3 e6 5. Be2 h6 6. O-O Nd7 7. Nbd2 c5 8. Bb5 a6
9. Bxd7+ Qxd7 10. dxc5 Bxc5 11. Nb3 Ba7 12. Re1 Ne7 13. Be3 Bxe3 14. Rxe3 Rc8
15. c3 O-O 16. Rc1 b5 17. Nh4 Bh7 18. f4 Qa7 19. Nd4 Nc6 20. Nhf3 Be4 21. Qd2
Bxf3 22. Nxf3 Ne7 23. Nh4 Rc4 24. Rf1 Re4 25. Rf3 g5 26. fxg5 hxg5 27. g3 gxh4
28. gxh4 Nf5 29. Qg2+ Kh7 30. Rg3 Nxg3 31. hxg3 Qxe3+ 32. Kh2 Qe2 33. Qxe2 Rxe2+
34. Kh3 Rxb2 35. g4 Rxa2 36. h5 Rg8 37. Kg3 Rg5 38. Kf4 Kh6 39. Kf3 Rc2 40. Ke3
Rxc3+ 41. Kd4 {White resigns} 0-1  aics%

[Event "Team 45 45 League T29"]
[Site "Internet Chess Club"]
[Date "2005.12.27"]
[Round "2"]
[White "LaskerFan"]
[Black "Knight-Rookie"]
[Result "1-0"]
[WhiteElo "1427"]
[BlackElo "1330"]
[TimeControl "2700+45"]

1. e4 c5 2. Nf3 Nc6 3. c3 a6 4. Bc4 b5 5. Bb3 e6 6. d4 d5 7. exd5 exd5 8. O-O
Bg4 9. Re1+ Nge7 10. dxc5 g6 11. Bxd5 Rc8 12. h3 Bd7 13. Ng5 f6 14. Bf7# {Black
checkmated} 1-0  aics%

[Event "Team 45 45 League T29"]
[Site "Internet Chess Club"]
[Date "2005.12.26"]
[Round "2"]
[White "hotzoddy"]
[Black "JimGaming"]
[Result "0-1"]
[WhiteElo "1246"]
[BlackElo "1290"]
[TimeControl "2700+45"]

1. e4 e5 2. Nf3 Nc6 3. Nc3 Nf6 4. d4 exd4 5. Nxd4 Bc5 6. Nxc6 bxc6 7. Be2 d6 8.
O-O O-O 9. Bg5 h6 10. Bf4 Qe7 11. Bd3 Bg4 12. Qd2 Nh5 13. Be2 Bxe2 14. Nxe2 g5
15. Be3 Bb6 16. Nc3 f6 17. Rfe1 Qe5 18. Na4 c5 19. Qd5+ Qxd5 20. exd5 f5 21. c3
f4 22. Bd2 Nf6 23. Nxb6 cxb6 24. c4 Nd7 25. Bc3 Rae8 26. Re6 Rxe6 27. dxe6 Ne5
28. f3 Rf6 29. e7 Re6 30. Rd1 Kf7 31. Bxe5 dxe5 32. Rd7 Rxe7 33. Rxe7+ Kxe7 34.
Kf2 h5 35. g3 Kf6 36. g4 hxg4 37. fxg4 e4 38. h3 Ke5 39. Ke2 Kd4 40. b3 f3+ 41.
Kf2 Kd3 42. Ke1 e3 43. a3 f2+ 44. Kf1 Kd2 45. b4 cxb4 46. axb4 e2+ 47. Kxf2
e1=Q+ 48. Kf3 Qe2+ {White resigns} 0-1  aics%

[Event "Team 45 45 League T29"]
[Site "Internet Chess Club"]
[Date "2005.12.31"]
[Round "2"]
[White "Hastings"]
[Black "slakkjaw"]
[Result "1-0"]
[WhiteElo "1282"]
[BlackElo "1122"]
[TimeControl "2700+45"]

1. e4 e5 2. f4 d6 3. Nf3 Nc6 4. Bc4 exf4 5. d4 Nf6 6. Nc3 Be6 7. d5 Qd7 8. dxe6
fxe6 9. Bxf4 h6 10. Qe2 e5 11. Bg3 Be7 12. O-O-O a6 13. Rhf1 b5 14. Bd5 Ra7 15.
Bf2 Rb7 16. Nxe5 dxe5 17. Bf7+ Kxf7 18. Rxd7 Nxd7 19. Bh4+ Nf6 20. Nd5 g5 21.
Qh5+ Ke6 22. Nxf6 gxh4 23. Qf5+ Kf7 24. Nd5+ Ke8 25. Qc8+ Nd8 26. Nxc7+ Rxc7 27.
Qxc7 Bg5+ 28. Kb1 Ne6 29. Qxe5 Rg8 30. Qxe6+ {Black resigns} 1-0  aics%

[Event "Team 45 45 League T29"]
[Site "Internet Chess Club"]
[Date "2005.12.26"]
[Round "2"]
[White "Tomate"]
[Black "PaleMorningDun"]
[Result "0-1"]
[WhiteElo "1413"]
[BlackElo "1292"]
[TimeControl "2700+45"]

1. e4 d5 2. exd5 Nf6 3. d4 Bg4 4. Be2 Bxe2 5. Qxe2 Qxd5 6. Nf3 Nc6 7. c4 Qe4 8.
Be3 e6 9. O-O Ng4 10. Nc3 Qf5 11. d5 Nb4 12. Rac1 Qd3 13. dxe6 Nxe3 14. exf7+
Ke7 15. Nd5+ Kd6 16. Qxe3 Qxe3 17. fxe3 Nxd5 18. cxd5 g6 19. e4 Bg7 20. b3 Rhf8
21. Ng5 Bd4+ 22. Kh1 Be3 23. Rc2 Bxg5 24. g3 Rac8 25. h4 Be3 26. Re2 Bd4 27. Kg2
Be5 28. Kh3 c6 29. dxc6 Rxc6 30. Rf3 Ke6 31. Ref2 Rc7 32. Kg4 Rcxf7 33. a4 Rxf3
34. Rxf3 Rxf3 35. Kxf3 a6 36. g4 h5 37. gxh5 gxh5 38. Ke3 Bf6 39. Kf4 Bxh4 40.
e5 Be7 41. b4 Bxb4 42. Kg5 Kxe5 43. Kxh5 b5 44. axb5 axb5 45. Kg4 Ke4 46. Kg3
Ke3 47. Kg4 Bc3 48. Kf5 b4 {White resigns} 0-1  aics%

[Event "Team 45 45 League T29"]
[Site "Internet Chess Club"]
[Date "2005.12.23"]
[Round "2"]
[White "Mutaant"]
[Black "moreffee"]
[Result "1/2-1/2"]
[WhiteElo "1339"]
[BlackElo "1367"]
[TimeControl "2700+45"]

1. e4 c5 2. Nf3 d6 3. Bc4 a6 4. a3 Nf6 5. d3 Nc6 6. Nc3 Bg4 7. h3 Bxf3 8. Qxf3
Ne5 9. Qf5 Nxc4 10. dxc4 g6 11. Qf3 Bg7 12. O-O Nd7 13. Rb1 Ne5 14. Qe2 Nc6 15.
Nd5 e6 16. Ne3 O-O 17. Ng4 Qh4 18. Bf4 Rad8 19. Qd2 Ne5 20. Qe2 Nxg4 21. Qxg4
Qxg4 22. hxg4 e5 23. Bg5 f6 24. Bd2 b6 25. c3 Kf7 {Game drawn by mutual
agreement} 1/2-1/2  aics%

[Event "Team 45 45 League T29"]
[Site "Internet Chess Club"]
[Date "2005.12.23"]
[Round "2"]
[White "Leftorium"]
[Black "GLuft"]
[Result "1/2-1/2"]
[WhiteElo "1228"]
[BlackElo "1130"]
[TimeControl "2700+45"]

1. e4 e6 2. Nf3 d5 3. exd5 exd5 4. Bb5+ Bd7 5. a4 c6 6. Bd3 Nf6 7. O-O Bd6 8. g3
O-O 9. c4 Bg4 10. b3 Re8 11. Bb2 Nbd7 12. h3 Bxh3 13. Re1 Bg4 14. Re3 Bc5 15.
Rxe8+ Qxe8 16. Be2 dxc4 17. bxc4 Ne4 18. d4 Bb4 19. Ba3 Ba5 20. Ra2 Bc3 21. Qd3
Ba5 22. Qd1 f5 23. Qb3 b6 24. Bb4 Bxb4 25. Qxb4 a5 26. Qb3 Qf7 27. Nc3 h6 28.
Nxe4 fxe4 29. Ne5 Nxe5 30. dxe5 Bf3 31. Qxb6 Kh7 32. Qxc6 Qh5 33. Qxe4+ Bxe4 34.
Bxh5 Rc8 35. Bf7 Rc7 36. Bd5 Bf5 37. Ra3 g6 38. f4 Kg7 39. Rb3 Bd7 40. e6 Bxa4
41. Ra3 Bc6 42. Rxa5 Bxd5 43. Rxd5 Rxc4 44. Rd7+ Kf6 45. e7 Re4 46. Kf2 Rxe7 47.
Rxe7 Kxe7 48. Kf3 Kf6 49. g4 g5 50. f5 Ke5 51. Kg2 Kf6 52. Kf3 h5 53. gxh5 Kxf5
54. Kg3 g4 55. Kh4 g3 56. Kxg3 Kg5 {Game drawn by mutual agreement} 1/2-1/2 
aics%

[Event "Team 45 45 League T29"]
[Site "Internet Chess Club"]
[Date "2005.12.23"]
[Round "2"]
[White "MrLee"]
[Black "calily"]
[Result "1-0"]
[WhiteElo "1609"]
[BlackElo "1641"]
[TimeControl "2700+45"]

1. Nf3 Nf6 2. c4 e6 3. Nc3 d5 4. d4 c6 5. Bg5 Be7 6. e3 Nbd7 7. Bd3 dxc4 8. Bxc4
b5 9. Bd3 a6 10. O-O Bb7 11. Rc1 O-O 12. Ne4 Nxe4 13. Bxe7 Qxe7 14. Bxe4 Rac8
15. Nd2 Nf6 16. Bf3 Ba8 17. Nb3 Rfd8 18. Qc2 Nd7 19. Rfd1 Nb6 20. Nc5 Nd5 21.
Nxa6 Bb7 22. Nc5 Nb4 23. Qb3 Nd5 24. a4 Rc7 25. axb5 cxb5 26. Qxb5 Bc6 27. Qe2
Ra8 28. Ra1 Rca7 29. Rxa7 Rxa7 30. Bxd5 Bxd5 31. b4 Qg5 32. e4 Ba8 33. d5 exd5
34. exd5 Re7 35. Qb5 Qe5 36. d6 Qe1+ 37. Rxe1 Rxe1+ 38. Qf1 Rxf1+ 39. Kxf1 Kf8
40. b5 Ke8 41. b6 {Black resigns} 1-0  aics%

[Event "Team 45 45 League T29"]
[Site "Internet Chess Club"]
[Date "2005.12.23"]
[Round "2"]
[White "egd01"]
[Black "smitty120"]
[Result "0-1"]
[WhiteElo "1528"]
[BlackElo "1762"]
[TimeControl "2700+45"]

1. e4 c5 2. Nf3 d6 3. d4 cxd4 4. Nxd4 Nf6 5. Nc3 a6 6. g3 e5 7. Nde2 Be6 8. Bg2
b5 9. a3 Nbd7 10. O-O Rc8 11. Kh1 Be7 12. Bg5 O-O 13. Nd5 Bxd5 14. exd5 h6 15.
Bd2 Nb6 16. Ba5 Qc7 17. f4 Nfd7 18. fxe5 dxe5 19. Rc1 Qb8 20. Nc3 Nc4 21. Qg4
Nf6 22. Rxf6 Bxf6 23. Ne4 Be7 24. Bc3 Ne3 25. Qh5 f5 26. d6 Bxd6 27. Nxd6 Qxd6
28. Bb4 Qd4 29. c3 Qd2 30. Rg1 Rfd8 31. Qg6 Nxg2 32. Qe6+ Kh8 33. Rxg2 Qd1+ 34.
Rg1 Qf3+ {White resigns} 0-1  aics%

[Event "Team 45 45 League T29"]
[Site "Internet Chess Club"]
[Date "2005.12.26"]
[Round "2"]
[White "arriero55"]
[Black "stan194803"]
[Result "0-1"]
[WhiteElo "1471"]
[BlackElo "1429"]
[TimeControl "2700+45"]

1. Nf3 Nc6 2. g3 e6 3. d4 d5 4. Bd2 h6 5. e3 a6 6. c4 Nf6 7. Bd3 Ne4 8. O-O Nxd2
9. Nbxd2 Be7 10. Qb3 O-O 11. a3 Bf6 12. Rac1 Na5 13. Qa2 Nc6 14. cxd5 exd5 15.
Rc5 Ne7 16. Qb3 c6 17. Rfc1 Rb8 18. Bxa6 Bg4 19. Bd3 Ng6 20. R5c3 Nh4 21. gxh4
Bxh4 22. Nxh4 Qxh4 23. Qb6 Bh3 24. Qc7 Be6 25. Qg3 Qd8 26. b4 Qe7 27. Nf3 Qf6
28. Ne5 Rbd8 29. b5 Bf5 30. bxc6 bxc6 31. Rxc6 Rd6 32. Bxf5 Rxc6 33. Nxc6 Ra8
34. Qe5 Qg5+ 35. Kh1 g6 36. Bh3 Qh4 37. Bg2 Qxf2 38. Ne7+ Kh7 39. Nxd5 Kg8 40.
Nf6+ Kf8 41. Nd7+ Kg8 42. Nf6+ Kf8 43. Ne4 Qxe3 44. Qh8+ Ke7 45. Rc7+ Ke6 46.
Qxa8 Qe1+ {White resigns} 0-1  aics%

[Event "Team 45 45 League T29"]
[Site "Internet Chess Club"]
[Date "2005.12.28"]
[Round "2"]
[White "martineden"]
[Black "gravitydk"]
[Result "0-1"]
[WhiteElo "1748"]
[BlackElo "1803"]
[TimeControl "2700+45"]

1. d4 Nf6 2. c4 e6 3. Nf3 b6 4. g3 Bb7 5. Bg2 c5 6. d5 exd5 7. Nh4 Qc7 8. cxd5
g6 9. Nc3 d6 10. Nb5 Qc8 11. Bf4 Qd8 12. Qa4 Nbd7 13. Bxd6 Be7 14. Bxe7 Kxe7 15.
d6+ Kf8 16. Bxb7 Kg7 17. Bxa8 Qxa8 18. O-O Ne5 19. Qxa7 Qe4 20. Nc3 Qg4 21. Qxb6
g5 22. Ng2 Qh3 23. f3 Nfg4 24. fxg4 Nxg4 25. Rxf7+ Kxf7 26. Rf1+ Kg6 27. Nf4+
gxf4 28. d7+ Kg7 29. Rf2 Nxf2 30. Kxf2 fxg3+ 31. hxg3 Rf8+ 32. Ke3 Qxg3+ 33. Kd2
Qg5+ 34. Ke1 Qh4+ 35. Kd2 Qd4+ 36. Kc2 Qxd7 37. Qxc5 Qf5+ 38. Qxf5 Rxf5 39. b4
h5 40. b5 h4 41. b6 h3 42. b7 Rf8 43. Ne4 Rb8 44. Kd3 Rxb7 45. Ke3 h2 46. Ng3
Rb1 {White resigns} 0-1  aics%

[Event "Team 45 45 League T29"]
[Site "Internet Chess Club"]
[Date "2005.12.26"]
[Round "2"]
[White "stakastra"]
[Black "jmoffitt"]
[Result "1-0"]
[WhiteElo "1599"]
[BlackElo "1636"]
[TimeControl "2700+45"]

1. d4 Nf6 2. c4 g6 3. Nc3 Bg7 4. Bg5 h6 5. Bh4 O-O 6. Nf3 d6 7. e4 e5 8. d5 Qe8
9. h3 a5 10. Bg3 Nh5 11. Bh2 f5 12. Bd3 f4 13. Qc2 Nd7 14. Nb5 Qd8 15. Be2 Nhf6
16. Nh4 Kh7 17. g4 Nc5 18. f3 Rf7 19. Ng2 Nfxe4 20. Bd3 Nxd3+ 21. Qxd3 Nc5 22.
Qc2 Bd7 23. Bg1 Bxb5 24. Bxc5 dxc5 25. cxb5 Qxd5 26. O-O Qd4+ 27. Kh2 e4 28.
Rad1 Qxb2 29. Qxe4 Rb8 30. Qd5 Re7 31. Rd2 Qxb5 32. Rfd1 Rbe8 33. h4 Re2 34. h5
g5 35. Qf5+ Kh8 36. Qg6 Rxd2 37. Rxd2 Bd4 38. Qxh6+ Kg8 39. Qxg5+ Kh8 40. Rxd4
Qe2 41. Qf6+ Kg8 42. Rxf4 Qxa2 43. Qg5+ Kh8 44. Rf6 Re2 45. Rh6# {Black
checkmated} 1-0  aics%

[Event "Team 45 45 League T29"]
[Site "Internet Chess Club"]
[Date "2005.12.22"]
[Round "2"]
[White "tryanything"]
[Black "Klowe"]
[Result "1/2-1/2"]
[WhiteElo "1595"]
[BlackElo "1524"]
[TimeControl "2700+45"]

1. d4 Nf6 2. c4 e6 3. Nf3 b6 4. g3 Bb7 5. Bg2 Bb4+ 6. Bd2 Bxd2+ 7. Qxd2 O-O 8.
O-O d5 9. Ne5 Nbd7 10. Nc3 Rb8 11. Nxd7 Qxd7 12. cxd5 Nxd5 13. Rac1 Nxc3 14.
Rxc3 Bxg2 15. Kxg2 Rfd8 16. e3 Qd5+ 17. Kg1 c5 18. Rd1 Qxa2 19. Ra3 Qd5 20. Rxa7
Rd7 21. Rxd7 Qxd7 22. dxc5 Qxd2 23. Rxd2 bxc5 24. f4 Kf8 25. Kf2 Ke7 26. Ke2 Rb3
27. Rc2 Kd6 28. e4 c4 29. Kd2 Kc5 30. Ke2 {Game drawn by mutual agreement}
1/2-1/2  aics%

[Event "Team 45 45 League T29"]
[Site "Internet Chess Club"]
[Date "2005.12.23"]
[Round "2"]
[White "Trixi"]
[Black "Fineas-Fogg"]
[Result "1-0"]
[WhiteElo "1471"]
[BlackElo "1480"]
[TimeControl "2700+45"]

1. e4 e6 2. d4 d5 3. exd5 exd5 4. Nf3 Nf6 5. Bd3 Bg4 6. O-O Nbd7 7. Bg5 Be7 8.
Nbd2 O-O 9. c3 Re8 10. Qc2 Bxf3 11. Nxf3 Ne4 12. Bxe4 dxe4 13. Bxe7 Qxe7 14.
Rae1 Nf6 15. Ne5 c5 16. Nc4 cxd4 17. cxd4 Rac8 18. Qe2 b5 19. Ne3 a6 20. b3 Qb4
21. Rd1 Rcd8 22. Qb2 Nd5 23. Nxd5 Rxd5 24. Rfe1 f5 25. f3 e3 26. Re2 g5 27. a3
Qd6 28. b4 Kf8 29. Qc3 Qb6 30. Rxe3 Rxe3 31. Qxe3 f4 32. Qe4 Qd6 33. Qxh7 Rxd4
34. Qh8+ Kf7 35. Qxd4 {Black resigns} 1-0  aics%

[Event "Team 45 45 League T29"]
[Site "Internet Chess Club"]
[Date "2005.12.28"]
[Round "2"]
[White "sdcohle"]
[Black "engeln"]
[Result "0-1"]
[WhiteElo "1367"]
[BlackElo "1453"]
[TimeControl "2700+45"]

1. d4 d5 2. c4 dxc4 3. e3 b5 4. Nf3 Nf6 5. a3 Nc6 6. Nc3 Ba6 7. Be2 e6 8. O-O
Be7 9. Bd2 O-O 10. Re1 Bd6 11. e4 e5 12. dxe5 Nxe5 13. h3 c5 14. Nxe5 Bxe5 15.
f4 Bd4+ 16. Kh1 Qd7 17. Bf3 Bb7 18. Rb1 a5 19. Qc2 b4 20. axb4 axb4 21. Nd1 Ba6
22. e5 Nd5 23. Be3 Rae8 24. Bxd4 cxd4 25. Qe4 Nf6 26. Qe2 d3 27. Qf2 Nd5 28. Qc5
Nxf4 29. Qxb4 Qf5 30. Be4 Qg5 31. Qd6 f5 32. Bf3 Bc8 33. Ne3 Rd8 34. Qc5 d2 35.
Red1 Nd3 36. Qxc4+ Kh8 37. Rxd2 Qxe3 38. Qc3 Nf2+ 39. Kh2 Qxd2 40. Qxd2 Rxd2 41.
b4 Re8 42. Rc1 Ba6 43. Rc6 Be2 44. e6 h6 45. Rb6 Bxf3 46. gxf3 Nd3+ 47. Kg3 g5
48. b5 Ne1 49. f4 Rg2# {White checkmated} 0-1  aics%

[Event "Team 45 45 League T29"]
[Site "Internet Chess Club"]
[Date "2005.12.26"]
[Round "2"]
[White "Midwest-Rook"]
[Black "gatoruss"]
[Result "1-0"]
[WhiteElo "1249"]
[BlackElo "1288"]
[TimeControl "2700+45"]

1. e4 c5 2. Nc3 Nc6 3. g3 Nf6 4. d3 e5 5. Bg2 d6 6. Nf3 Bg4 7. h3 Bh5 8. g4 Bg6
9. Nh4 Ne7 10. Bg5 h6 11. Nxg6 Nxg6 12. Bxf6 Qxf6 13. Nd5 Qd8 14. c4 Ne7 15.
Qa4+ Nc6 16. b4 b6 17. Qxc6+ Qd7 18. Qxa8+ Qd8 19. Qxd8+ {Black resigns} 1-0 
aics%

[Event "Team 45 45 League T29"]
[Site "Internet Chess Club"]
[Date "2005.12.27"]
[Round "2"]
[White "Mila-Reina"]
[Black "WannaB"]
[Result "1-0"]
[WhiteElo "1322"]
[BlackElo "1126"]
[TimeControl "2700+45"]

1. e4 c5 2. Nf3 d6 3. d4 cxd4 4. Nxd4 Nf6 5. Nc3 Nc6 6. Bb5 Bd7 7. O-O a6 8. Ba4
b5 9. Bb3 e6 10. a3 b4 11. axb4 Nxb4 12. Bg5 Be7 13. f4 O-O 14. Qe1 h6 15. Bh4
Qb6 16. Bf2 Qc7 17. e5 dxe5 18. fxe5 Ng4 19. Bg3 Nc6 20. Qe4 Ngxe5 21. Nf3 Bc5+
22. Kh1 f5 23. Qe1 f4 24. Bf2 Bxf2 25. Rxf2 Ng4 26. Bxe6+ Bxe6 27. Qxe6+ Kh8 28.
Qxg4 Qe7 29. Re1 Qf6 30. Nd5 Qd6 31. Rd2 Nb4 32. Re6 Qc5 33. Nxf4 Nxc2 34. Ng6+
Kg8 35. Nxf8 Rxf8 36. h3 Qf5 37. Qc4 Qa5 38. Rxa6+ Qd5 39. Qxd5+ Rf7 40. Rxc2
{Black resigns} 1-0  aics%

[Event "Team 45 45 League T29"]
[Site "Internet Chess Club"]
[Date "2006.01.03"]
[Round "2"]
[White "rpgrossman"]
[Black "Havoc"]
[Result "1-0"]
[WhiteElo "1081"]
[BlackElo "1300"]
[TimeControl "2700+45"]

1. e4 c5 2. Nf3 g6 3. Be2 Nc6 4. O-O Bg7 5. d3 d6 6. c4 Nf6 7. b3 O-O 8. Bb2 a6
9. Nc3 Rb8 10. Nd5 e6 11. Ne3 e5 12. Bc3 b5 13. Nd5 b4 14. Bd2 Bb7 15. Qc1 Re8
16. Bg5 Nd4 17. Nxd4 exd4 18. Bh6 Bxd5 19. cxd5 Qd7 20. Bxg7 Kxg7 21. h3 Ng8 22.
Bg4 Qd8 23. a3 Nh6 24. axb4 Rxb4 25. Qa3 Qb6 26. Rfb1 Ra8 27. Qa5 Qxa5 28. Rxa5
Nxg4 29. hxg4 Kf6 30. f3 Ke5 31. Kf2 Kf4 32. g3+ Ke5 33. f4+ Kf6 34. g5+ Ke7 35.
e5 Rb6 36. Kf3 dxe5 37. fxe5 Rd8 38. Rxc5 Kf8 39. Ke4 Rb4 40. Rbc1 Rxb3 41. Rc8
Rxc8 42. Rxc8+ Kg7 43. Kxd4 Rb4+ 44. Rc4 Rb8 45. d6 Rd8 46. Rc7 Kf8 47. Kc5 Rb8
48. d7 Ke7 49. Kc6 Rb3 50. Ra7 Rxd3 51. d8=Q+ Kxd8 52. Rxf7 Rxg3 53. e6 Rxg5 54.
Kd6 Ke8 55. Rxh7 a5 56. Rh8# {Black checkmated} 1-0  aics%

[Event "Team 45 45 League T29"]
[Site "Internet Chess Club"]
[Date "2005.12.30"]
[Round "2"]
[White "Traho"]
[Black "EyeAm"]
[Result "0-1"]
[WhiteElo "1349"]
[BlackElo "1344"]
[TimeControl "2700+45"]

1. e4 e5 2. Nf3 Nf6 3. Nxe5 d6 4. Nf3 Nxe4 5. d3 Nf6 6. Be2 Be7 7. O-O O-O 8.
Nc3 Nc6 9. d4 d5 10. Re1 Bb4 11. a3 Bxc3 12. bxc3 Ne4 13. Bb2 Bf5 14. Bd3 Re8
15. c4 Qd7 16. Ne5 Nxe5 17. dxe5 c6 18. Bxe4 dxe4 19. Qxd7 Bxd7 20. Rxe4 Bf5 21.
Re2 Be6 22. c5 Rad8 23. Bc3 Rd5 24. Bb4 Red8 25. h3 R8d7 26. Kf1 Rd1+ 27. Rxd1
Rxd1+ 28. Be1 Bc4 29. c3 Bxe2+ 30. Kxe2 Rd5 31. f4 Rxc5 32. Kd3 Rd5+ 33. Kc4 Rd1
34. Bh4 g6 35. Be7 Rd7 36. Bc5 b6 37. Bd6 f6 38. Bb8 Kf7 39. exf6 Kxf6 40. Be5+
Ke6 41. g3 g5 42. Bd4 gxf4 43. gxf4 Kf5 44. Be3 h5 45. a4 Rg7 46. Kd3 Rg3 47. h4
Rh3 48. Ke2 Rxh4 49. Kf2 Rh2+ 50. Kf3 Ra2 51. Kg3 Rxa4 52. Kh4 Rxf4+ 53. Bxf4
Kxf4 {White resigns} 0-1  aics% 

calily(71): pero trust quiere decir también comerciar, creo
aics%

[Event "ICC 45 45"]
[Site "Internet Chess Club"]
[Date "2005.12.30"]
[Round "2"]
[White "houseofcook"]
[Black "SandiaCaveMan"]
[Result "0-1"]
[WhiteElo "1333"]
[BlackElo "1409"]
[TimeControl "2700+45"]

1. e4 c5 2. d4 cxd4 3. c3 dxc3 4. Nxc3 e5 5. Nf3 Nc6 6. Bc4 Be7 7. O-O d6 8. Qe2
a6 9. a3 Bg4 10. h3 Nd4 11. Qd1 Nxf3+ 12. gxf3 Bxh3 13. Qb3 Bxf1 14. Kxf1 Qd7
15. Bxf7+ Kd8 16. Bxg8 b5 17. Bd5 Rb8 18. Be6 Qe8 19. f4 Qh5 20. fxe5 Qxe5 21.
Be3 Qh2 22. Rd1 Qh1+ 23. Ke2 Qh5+ 24. Kd2 Bg5 25. Kc2 Bxe3 26. Rxd6+ Ke7 27.
Rd7+ Kf6 28. fxe3 Qh2+ 29. Rd2 Qe5 30. Rf2+ Kg6 31. Bf5+ Kg5 32. Rg2+ Kh6 33.
Qf7 Rhg8 34. Qh5+ Kxh5 {White resigns} 0-1  aics%

[Event "Team 45 45 League T29"]
[Site "Internet Chess Club"]
[Date "2005.12.31"]
[Round "2"]
[White "littleboo"]
[Black "arconia"]
[Result "1-0"]
[WhiteElo "1224"]
[BlackElo "1287"]
[TimeControl "2700+45"]

1. e4 e5 2. Nf3 d6 3. h3 Nf6 4. Nc3 Be7 5. d4 Nbd7 6. Bb5 c6 7. dxe5 Nxe5 8.
Nxe5 cxb5 9. Nd3 b4 10. Nxb4 Qa5 11. Nbd5 Nxe4 12. Qe2 Be6 13. Qxe4 Bxd5 14.
Qxd5 Qa6 15. Qb5+ Qxb5 16. Nxb5 O-O 17. Bf4 d5 18. O-O-O Rfd8 19. Be3 a5 20. Nc7
Rac8 21. Nxd5 Bf8 22. Nb6 Rxd1+ 23. Rxd1 Re8 24. Rd7 Bc5 25. Bxc5 {Black
resigns} 1-0  aics%